cohdb
Replays
Latest Replays
All Replays
Popular Replays
Top Player Replays
Match Explorer
How It Works
Community
CoH3 Stats
Reddit
Sign in to upload your games and track your stats! →
Sign in with Steam
Match 46638879
Unlisted
Match 46638879
Overview
Messages
Build Orders
End
Selects Italian Combined Arms Battlegroup
Selects Bersaglieri Squad
Bersaglieri Squad
Bersaglieri Squad
Construct Light Support Kompanie
Bersaglieri Squad
2.5-tonne Medical Truck
Selects Bersaglieri Bolster
Fire Support Elements
Panzerjäger Mechanized Group
Selects Breda Model 30 Light Machine Guns
Construct Panzerarmee Kommand
Panzer III L Medium Tank
Selects Semovente da 75/18 Assault Gun
Selects Strafing Run
Pak 38 Anti-tank Gun Team
Armored Reserves
Selects Artillery Cover
Tiger Heavy Tank
GoLdenCoBRaaa
Cpt Darling
ildong
retreat_plz
0
0
Comments
sign in to comment!
No comments posted yet!